Map: Orbital Shipyard

Players

Miszu - Winner!

  • Race: Terran Terran
  • League: Master

deadlypatate

  • Race: Zerg Zerg
  • League: Master

VOD

Have the link to the VOD?

Description

Time

  • Played on: March 10, 2016, 3:49 p.m.
  • Length: 5:01
Show
View Real Time Build Order
Export as new Build Order

Miszu Terran - Winner!

Build Orders:  

Get SALT Encoding   

  12  0:01  SCV  
  13  0:13  SCV  
  14  0:18  Supply Depot  
  14  0:25  SCV  
  15  0:39  SCV  
  15  0:42  Barracks  
  16  0:46  Refinery  
  16  0:52  SCV  
  17  1:04  SCV  
  18  1:16  SCV  
  19  1:28  Orbital Command  
  19  1:30  Barracks Reactor  
  19  1:39  Command Center  
  19  1:49  Supply Depot  
  19  1:54  SCV  
  20  2:06  Reaper x2, SCV  
  23  2:18  SCV  
  24  2:27  Command Center  
  24  2:31  SCV  
  25  2:43  SCV  
  26  2:45  Reaper x2  
  28  2:55  SCV, Orbital Command  
  29  3:08  SCV  
  29  3:12  Barracks  
  30  3:13  Barracks  
  30  3:20  SCV  
  30  3:24  SCV  
  29  3:31  Supply Depot  
  29  3:34  Reaper x2, SCV  
  31  3:41  SCV  
  33  3:46  Orbital Command  
  32  3:53  SCV  
  33  3:55  SCV  
  34  4:05  SCV  
  34  4:06  Barracks Tech Lab  
  34  4:08  SCV  
  34  4:09  Refinery  
  36  4:13  Marine, Barracks Tech Lab  
  36  4:14  Marine  
  38  4:17  SCV  
  38  4:20  SCV  
  38  4:23  SCV  
  41  4:27  Supply Depot  
  41  4:29  SCV  
  42  4:31  Marine x2  
  42  4:32  Factory, SCV  
  42  4:34  Marine x2, Refinery x2  
  42  4:35  SCV  
  48  4:41  SCV  
  48  4:44  SCV  
  50  4:49  Supply Depot  
Show
View Real Time Build Order
Export as new Build Order

deadlypatate Zerg 

Build Orders: Pool First 

Get SALT Encoding   

  12  0:18  Extractor, Drone  
  12  0:25  Spawning Pool  
  11  0:29  Drone  
  11  0:34  Drone  
  13  0:38  Drone  
  14  0:49  Overlord  
  14  0:57  Extractor  
  14  0:58  Drone  
  15  1:12  Queen  
  15  1:14  Zergling x2  
  18  1:22  Metabolic Boost  
  18  1:26  Zergling x2  
  18  1:31  Zergling x2  
  20  1:40  Zergling x2  
  21  1:49  Baneling Nest  
  21  1:51  Zergling x2  
  21  1:59  Zergling x2  
  22  2:07  Overlord  
  22  2:33  Zergling x8  
  26  2:43  Zergling x2  
  26  2:54  Baneling x3  
  26  2:59  Zergling x8  
  28  3:21  Zergling x4  
  23  3:44  Drone  
  23  3:45  Drone  
  24  3:49  Lair  
  24  3:53  Drone  
  25  4:03  Drone  
  26  4:10  Hatchery  
  24  4:20  Drone  
  24  4:25  Zergling x2  
  24  4:31  Zergling x6  
  28  4:38  Zergling x2  
  29  4:51  Spire  
  28  4:53  Extractor  
Tags
 
Add a new tag
Caveats
  • Supply blocks, unpowered buildings, or Contaminate may cause inaccurate times.
  • Supply counts are checked every 10 seconds.